Map: Oxide LE

Players

Vanya - Winner!

  • Race: Zerg Zerg

Lambo

  • Race: Zerg Zerg

Event: DreamHack SC2 Masters 2021 Winter

VOD

Have the link to the VOD?

Description

Time

  • Played on: Oct. 2, 2021, 11:22 a.m.
  • Length: 12:16

All games in this series

Show
View Real Time Build Order
Export as new Build Order

Vanya Zerg - Winner!

Build Orders: Hatch First 

Get SALT Encoding   

  12  0:00  Drone  
  13  0:11  Overlord  
  13  0:16  Drone  
  14  0:30  Drone x2  
  16  0:47  Hatchery  
  15  0:50  Drone  
  15  0:54  Drone  
  17  0:57  Drone  
  18  1:07  Extractor  
  17  1:12  Spawning Pool  
  17  1:15  Drone  
  17  1:18  Drone  
  18  1:27  Drone  
  19  1:38  Drone  
  20  1:48  Drone  
  21  1:59  Queen x2  
  21  2:00  Zergling x2, Overlord  
  26  2:08  Metabolic Boost  
  26  2:10  Drone x2  
  28  2:21  Drone, Zergling x2  
  30  2:34  Hatchery  
  30  2:36  Zergling x2  
  30  2:40  Drone  
  31  2:45  Baneling Nest  
  31  2:49  Drone  
  31  2:50  Overlord  
  31  2:54  Drone  
  31  2:55  Drone  
  33  3:05  Drone  
  34  3:06  Queen  
  34  3:12  Drone x3  
  39  3:15  Drone  
  39  3:19  Overlord  
  40  3:24  Drone x2  
  43  3:27  Zergling x2  
  43  3:28  Zergling x2  
  43  3:35  Lair  
  43  3:38  Extractor  
  43  3:39  Extractor  
  43  3:40  Drone x2  
  43  3:44  Drone x2  
  43  3:48  Drone x2  
  47  3:53  Extractor  
  46  3:56  Drone x3  
  46  4:02  Overlord  
  49  4:07  Drone x2  
  49  4:08  Roach Warren  
  50  4:11  Evolution Chamber  
  49  4:19  Zergling x8  
  53  4:26  Zergling x8  
  56  4:34  Drone  
  56  4:35  Drone  
  56  4:38  Spire  
  56  4:42  Drone x2  
  57  4:49  Glial Reconstitution  
  57  4:50  Zerg Missile Weapons Level 1  
  57  4:51  Drone x2  
  59  4:59  Overlord  
  58  5:05  Overlord  
  58  5:08  Drone x4  
  58  5:10  Overlord x2  
  62  5:16  Drone  
  62  5:18  Drone  
  63  5:44  Overlord  
  63  5:49  Spine Crawler x2, Mutalisk x5  
  70  5:51  Roach x3  
  70  5:52  Drone  
  70  5:55  Drone x2, Extractor  
  70  5:56  Drone  
  79  5:59  Overlord  
  79  6:03  Roach x4  
  89  6:11  Roach x5  
  89  6:13  Drone x2  
  99  6:23  Drone x2  
  99  6:25  Roach  
  103  6:29  Drone  
  103  6:32  Zerg Flyer Weapons Level 1  
  104  6:33  Extractor  
  104  6:34  Drone x4  
  104  6:37  Roach x3  
  113  6:40  Overlord  
  113  6:43  Ravager  
  114  6:49  Overlord  
  114  6:53  Overlord  
  113  6:55  Overlord  
  113  7:00  Roach x5  
  120  7:06  Roach x2  
  116  7:11  Roach  
  116  7:15  Roach  
  103  7:21  Mutalisk x2  
  86  7:33  Roach x6  
  92  7:39  Roach x2  
  96  7:50  Queen  
  95  7:57  Mutalisk  
  95  7:58  Mutalisk x2  
  98  8:00  Drone x3  
  103  8:08  Drone  
  103  8:12  Roach x2  
  108  8:20  Mutalisk x3  
  108  8:25  Mutalisk  
  116  8:29  Queen  
  116  8:30  Mutalisk  
  120  8:34  Mutalisk  
  120  8:37  Drone  
  120  8:38  Drone x3  
  126  8:49  Overseer  
  126  8:50  Mutalisk x2  
  126  8:52  Drone x2  
  132  8:58  Mutalisk  
  132  9:01  Drone x2  
  136  9:08  Hatchery  
  136  9:09  Pneumatized Carapace  
  135  9:13  Overseer  
  135  9:17  Zerg Missile Weapons Level 2  
  135  9:21  Drone  
  135  9:22  Overlord  
  135  9:23  Roach x2  
  140  9:31  Roach x3  
  146  9:36  Overlord x2  
  146  9:39  Overlord  
  146  9:43  Overseer  
  146  9:46  Overlord x2  
  146  9:47  Roach  
  146  9:48  Roach  
  146  9:52  Roach x2  
  154  9:56  Ravager x4  
  154  9:58  Roach  
  160  10:06  Roach x4  
  166  10:12  Ravager x2, Roach x3  
  174  10:17  Roach x2  
  178  10:28  Roach x5  
  188  10:38  Roach x2  
  188  10:39  Overlord x2  
  192  10:51  Overlord  
  192  10:56  Overlord  
  186  10:58  Roach  
  186  10:59  Roach x8  
  183  11:05  Roach x4  
  178  11:13  Roach x5  
  178  11:15  Ravager x3  
  178  11:16  Ravager  
  179  11:26  Roach x5  
  179  11:30  Roach x2  
  157  11:35  Roach x3  
  157  11:39  Roach x2  
  133  11:41  Roach x2  
Show
View Real Time Build Order
Export as new Build Order

Lambo Zerg 

Build Orders: Hatch First, Roach Hydra 

Get SALT Encoding   

  12  0:00  Drone  
  13  0:12  Overlord  
  13  0:17  Drone  
  14  0:30  Drone x2  
  16  0:47  Hatchery  
  15  0:51  Drone  
  15  0:54  Drone  
  17  0:57  Drone  
  18  1:11  Spawning Pool  
  17  1:13  Extractor  
  17  1:16  Drone  
  17  1:19  Drone  
  18  1:28  Drone  
  19  1:39  Drone  
  20  1:49  Drone  
  21  1:59  Queen x2  
  21  2:00  Zergling x2  
  21  2:01  Overlord  
  26  2:10  Drone  
  26  2:11  Drone  
  28  2:20  Drone  
  28  2:21  Drone  
  30  2:31  Drone  
  30  2:32  Overlord  
  30  2:34  Queen  
  33  2:37  Lair  
  33  2:43  Drone  
  35  2:44  Drone  
  35  2:53  Drone, Evolution Chamber  
  35  2:55  Drone  
  35  2:57  Roach Warren  
  35  3:04  Drone x2  
  37  3:09  Drone x4  
  37  3:12  Drone  
  42  3:14  Drone  
  43  3:20  Zerg Missile Weapons Level 1  
  43  3:23  Overlord  
  43  3:24  Drone  
  44  3:27  Extractor  
  44  3:29  Extractor  
  44  3:32  Drone x2  
  44  3:35  Evolution Chamber  
  44  3:36  Glial Reconstitution  
  44  3:40  Drone  
  44  3:42  Drone x2  
  44  3:43  Drone  
  44  3:48  Drone x2  
  49  3:57  Overlord  
  49  4:00  Overseer  
  49  4:04  Roach  
  49  4:06  Hatchery  
  49  4:08  Overlord  
  50  4:12  Overlord  
  50  4:20  Roach x2  
  50  4:21  Roach  
  50  4:23  Roach  
  58  4:27  Zerg Ground Armor Level 1  
  58  4:32  Overlord  
  58  4:34  Roach  
  58  4:37  Roach x2  
  63  4:43  Drone  
  63  4:45  Drone x2  
  65  4:46  Extractor  
  65  4:47  Roach  
  65  4:48  Roach  
  69  4:53  Roach x2  
  69  4:56  Overlord  
  73  5:03  Overlord  
  73  5:08  Overlord  
  73  5:09  Roach x2  
  78  5:14  Drone x4  
  78  5:18  Overlord  
  81  5:22  Zerg Missile Weapons Level 2  
  81  5:25  Roach  
  81  5:26  Drone  
  84  5:31  Drone x2  
  84  5:33  Drone  
  87  5:40  Roach  
  89  5:43  Roach x2  
  89  5:44  Roach x2  
  89  5:45  Overlord  
  89  5:49  Roach  
  99  5:55  Roach x2  
  99  5:56  Roach  
  105  6:01  Overlord  
  105  6:03  Roach x2  
  109  6:06  Overlord  
  109  6:08  Overlord  
  109  6:10  Roach  
  111  6:12  Overlord  
  111  6:16  Roach x2  
  115  6:21  Roach x2  
  119  6:25  Spore Crawler x2  
  119  6:27  Spore Crawler  
  119  6:30  Spore Crawler  
  119  6:32  Roach  
  117  6:34  Roach  
  117  6:37  Roach  
  121  6:40  Queen  
  121  6:43  Burrow  
  123  6:51  Roach x3  
  127  7:02  Roach x3  
  127  7:05  Roach  
  123  7:09  Roach  
  123  7:10  Roach  
  123  7:11  Roach  
  109  7:19  Roach x5  
  109  7:22  Roach  
  109  7:25  Roach  
  109  7:28  Roach  
  113  7:30  Roach  
  95  7:45  Hatchery, Tunneling Claws  
  84  8:00  Queen x2  
  84  8:01  Spore Crawler  
  84  8:03  Drone  
  89  8:05  Drone  
  89  8:06  Hydralisk Den, Roach x2  
  92  8:14  Roach  
  92  8:15  Roach x3  
  100  8:25  Roach x3  
  106  8:31  Zerg Ground Armor Level 2  
  106  8:35  Spore Crawler  
  106  8:36  Grooved Spines  
  105  8:43  Hydralisk  
  105  8:44  Hydralisk  
  109  8:49  Hydralisk  
  109  8:55  Hydralisk  
  113  8:56  Spore Crawler  
  112  9:03  Hydralisk x2  
  116  9:10  Hydralisk x2  
  116  9:15  Roach  
  122  9:20  Overlord  
  122  9:21  Overlord  
  122  9:24  Overlord  
  122  9:29  Overlord  
  122  9:30  Drone x2  
  118  9:32  Drone  
  118  9:35  Drone x2  
  118  9:37  Ravager  
  122  9:43  Hydralisk  
  122  9:44  Hydralisk  
  126  9:46  Hydralisk  
  126  9:51  Hydralisk x2  
  132  9:56  Muscular Augments  
  132  9:58  Hydralisk  
  134  10:01  Hydralisk  
  134  10:06  Hydralisk x2  
  136  10:09  Hydralisk  
  136  10:12  Hydralisk, Roach x2  
  142  10:15  Hydralisk  
  142  10:18  Hydralisk  
  146  10:28  Roach x2  
  146  10:32  Roach  
  146  10:34  Hydralisk x2  
  146  10:38  Extractor  
  146  10:40  Overlord  
  145  10:46  Overlord  
  143  10:55  Spore Crawler  
  132  10:57  Spore Crawler  
  132  10:59  Roach x7  
  120  11:05  Roach  
  120  11:10  Roach x5  
  115  11:11  Roach x2  
  113  11:20  Roach  
  108  11:32  Roach x2  

Tags
 
Add a new tag
Caveats
  • Supply blocks, unpowered buildings, or Contaminate may cause inaccurate times.
  • Supply counts are checked every 10 seconds.